 Dungeon Crawl Stone Soup version 0.21.1-1-g345015fe64 (webtiles) character file.

123566 Jannitor the Sharpshooter (level 17, -8/124 HPs)
             Began as a Halfling Hunter on June 25, 2018.
             Was the Champion of Okawaru.
             Mangled by a wolf spider (9 damage)
             ... on level 4 of the Spider Nest.
             The game lasted 01:11:05 (32506 turns).

Jannitor the Sharpshooter (Halfling Hunter)        Turns: 32506, Time: 01:11:06

Health: -8/124     AC: 14    Str: 18    XL:     17   Next: 45%
Magic:  32/32      EV: 16    Int:  9    God:    Okawaru [******]
Gold:   1629       SH:  5    Dex: 17    Spells: 13/16 levels left

rFire    + + .     SeeInvis .   a - +9 arbalest (freeze)
rCold    + . .     Gourm    .   (shield currently unavailable)
rNeg     . . .     Faith    .   h - +5 chain mail {rC+}
rPois    +         Spirit   .   j - +1 helmet
rElec    .         Reflect  +   F - +0 cloak {MR+}
rCorr    .         Harm     .   H - +2 pair of gloves {archery}
MR       ++...                  m - +0 pair of boots "Ylouniv" {rF+ MP+9}
Stlth    ..........             M - +5 amulet of reflection
HPRegen  0.30/turn              r - ring of poison resistance
MPRegen  0.23/turn              Q - ring of protection from fire

@: lethally poisoned (-8 -> -31), corroded, very slightly contaminated, studying
Necromancy
A: small, fangs 1, mutation resistance 1
a: Heroism, Finesse, Renounce Religion


You were on level 4 of the Spider Nest.
You worshipped Okawaru.
Okawaru was exalted by your worship.
You were not hungry.

You visited 6 branches of the dungeon, and saw 29 of its levels.
You also visited: Labyrinth, Ossuary and Volcano.

You collected 2809 gold pieces.
You spent 1180 gold pieces at shops.

Inventory:

Hand Weapons
 a - a +9 arbalest of freezing (weapon)
 b - the +2 Maxwell's thermic engine {flame, freeze, rF- rC-}
   (You found it on level 7 of the Dungeon)

   It has been specially enchanted to burn those struck by it, causing extra
   injury to most foes and up to half again as much damage against particularly
   susceptible opponents.
   Big, fiery blades are also staple armaments of hydra-hunters.
   It makes you vulnerable to fire.
   It makes you vulnerable to cold.
 u - the +8 scimitar "Utzimeps" {freeze, rF- rN+ Str+4}
   (You bought it in a shop on level 10 of the Dungeon)

   It has been specially enchanted to freeze those struck by it, causing extra
   injury to most foes and up to half again as much damage against particularly
   susceptible opponents.
   It can also slow down cold-blooded creatures.
   It affects your strength (+4).
   It makes you vulnerable to fire.
   It protects you from negative energy.
 U - the +6 triple crossbow of the Assorted Curses {penet, rPois rN++ Int-2}
   (Okawaru gifted it to you on level 14 of the Dungeon)

   Ammo fired by it will pass through the targets it hits, potentially hitting
   all targets in its path until it reaches maximum range.
   It affects your intelligence (-2).
   It protects you from poison.
   It greatly protects you from negative energy.
Missiles
 d - 174 bolts (quivered)
Armour
 h - a +5 chain mail of cold resistance (worn)
 j - a +1 helmet (worn)
 m - the +0 pair of boots "Ylouniv" (worn) {rF+ MP+9}
   (You found it on level 4 of the Lair of Beasts)

   It protects you from fire.
   It affects your magic capacity (+9).
 F - a +0 cloak of magic resistance (worn)
 H - a +2 pair of gloves of archery (worn)
 V - a +2 scale mail of fire resistance
 W - a +2 pair of boots of flying
Jewellery
 n - a cursed amulet of inaccuracy {unknown}
 r - a ring of poison resistance (left hand)
 t - a +5 ring of protection
 M - a +5 amulet of reflection (around neck)
 P - an uncursed ring of see invisible
 Q - a ring of protection from fire (right hand)
 R - an uncursed ring of protection from cold
 Y - an uncursed amulet of magic regeneration {unknown}
Wands
 y - a wand of acid (9)
 E - a wand of paralysis (12)
 I - a wand of iceblast (27)
 O - a wand of digging (25)
Scrolls
 c - a scroll of magic mapping
 e - 8 scrolls of amnesia
 g - 13 scrolls of remove curse
 l - 5 scrolls of immolation
 v - a scroll of fog
 J - 2 scrolls of identify
 S - 2 scrolls of fear
 Z - 2 scrolls of torment
Potions
 o - 4 potions of brilliance
 s - 4 potions of magic
 w - 2 potions of mutation
 x - a potion of resistance
 A - 3 potions of agility
 C - a potion of haste
 G - 4 potions of curing
 K - 2 potions of berserk rage
Books
 D - a manual of Necromancy
 N - a book of Geomancy

   Spells                             Type                      Level
   a - Sandblast                      Earth                        1
   b - Passwall                       Transmutation/Earth          2
   c - Stone Arrow                    Conjuration/Earth            3
   d - Petrify                        Transmutation/Earth          4
   e - Lee's Rapid Deconstruction     Earth                        5
 T - a book of Enchantments

   Spells                             Type                      Level
   a - Cause Fear                     Hexes                        4
   b - Yara's Violent Unravelling     Hexes/Transmutation          5
   c - Silence                        Hexes/Air                    5
   d - Deflect Missiles               Charms/Air                   6
   e - Discord                        Hexes                        8
Miscellaneous
 k - a sack of spiders
Comestibles
 f - 37 rations


   Skills:
 + Level 13.7 Fighting
   Level 7.0(12.4) Short Blades
 + Level 13.6(14.0) Long Blades
 + Level 15.6 Crossbows
 + Level 12.0 Armour
 + Level 9.9 Dodging
 - Level 1.1 Stealth
 - Level 8.1 Invocations


You had 13 spell levels left.
You knew the following spells:

 Your Spells              Type           Power        Failure   Level  Hunger
a - Regeneration          Chrm/Necr      #.........   100%        3    ####...


Dungeon Overview and Level Annotations

Branches:
Dungeon (15/15)            Temple (1/1) D:4            Lair (6/6) D:11
 Shoals (1/4) Lair:3       Spider (4/4) Lair:4        Slime (0/5) Lair:5
    Orc (2/2) D:11            Elf (0/3) Orc:2        Vaults (0/5) D:13
 Depths (0/5) D:15

Altars:
Ashenzari
Cheibriados
Dithmenos
Elyvilon
Fedhas
Gozag
Hepliaklqana
Kikubaaqudgha
Makhleb
Nemelex Xobeh
Okawaru
Qazlal
Ru
Sif Muna
Trog
Uskayaw
Vehumet
Wu Jian
Xom
Yredelemnul
Zin
The Shining One
Beogh

Shops:
D:9 (   D:10 *   Orc:2 [*(=

Annotations:
D:8 Gastronok; Neverless's ghost, novice HaHu
D:13 1 transporter
Lair:3 Rupert
Lair:6 1 exclusion
Shoals:1 Aizul


Innate Abilities, Weirdness & Mutations

You are small and have problems with some larger weapons.
You are somewhat resistant to further mutation.
You have very sharp teeth.


Message History

Cornered, the wolf spider turns to fight!
The wolf spider hits you!
* * * LOW HITPOINT WARNING * * *
The wolf spider misses you.
An orb spider comes into view.
The orb spider hisses angrily.
An orb spider comes into view.
Unknown command.
Okay, then.
Unknown command.
Unknown command.
Okay, then.
Unknown command.
Unknown command.
As you read the scroll of summoning, it crumbles to dust.
Wisps of shadow whirl around you...
* * * LOW HITPOINT WARNING * * *
You feel very sick. The wolf spider hits you!
You die...

##### #####
ss;≈≈...
#≈≈^##ssss##
#.ss ##
?§.....s..^
#... #s.
y...%.#≈..###
#≈.. #≈..
#s....#
..^≈###./.
...≈##...≈#
#...≈#...≈


#s.sss# #^..≈.s..# ##^s.## #$s..≈≈# #.@.# #...## #'''# ##### .....y. ..ss...s...
...........s... .#####......### #.^..### ..#### You could see a spark wasp, 3
wolf spiders, a moth of wrath, 4 orb spiders, 2 jumping spiders, 4 tarantellas,
a redback, a friendly jumping spider and a friendly tarantella.

Vanquished Creatures
  Agnes (Spider:1)
  Kirke (D:14)
  An orc warlord (Orc:2)
  An entropy weaver (Spider:1)
  2 spark wasps (Spider:3)
  A minotaur (Lab)
  A fire dragon (D:15)
  A merfolk impaler (Shoals:1)
  Erolcha (D:10)
  An ice dragon (D:15)
  10 hydras
  Fannar (Lair:1)
  A catoblepas (Lair:6)
  Erica (Lair:1)
  3 centaur warriors
  3 two-headed ogres
  6 death yaks
  An orc high priest (Orc:2)
  Urug (D:14)
  Nergalle (Lair:4)
  Sonja (Lair:3)
  A fire crab (shapeshifter) (D:13)
  3 skeletal warriors (D:15)
  3 unseen horrors
  A sea snake (Shoals:1)
  4 orc knights (Orc:2)
  Pikel (D:6)
  11 wolf spiders
  A lindwurm (Orc:2)
  5 orb spiders
  2 deep elf magi
  3 orc sorcerers (Orc:2)
  3 ugly things
  A cyclops (shapeshifter) (D:13)
  4 cyclopes
  A salamander (shapeshifter) (D:14)
  A moth of wrath (Spider:3)
  A merfolk siren (Lair:3)
  10 elephants
  2 manticores
  4 torpor snails
  7 black mambas
  2 centaur zombies (D:15)
  3 water nymphs (Shoals:1)
  2 molten gargoyles (Volcano)
  A gargoyle (D:15)
  14 spiny frogs
  4 kobold demonologists (D:13)
  3 rime drakes
  A yaktaur (shapeshifter) (D:14)
  2 efreet (Volcano)
  A freezing wraith (D:15)
  4 yaktaurs (D:14)
  10 demonic crawlers
  8 komodo dragons
  A merfolk (D:11)
  5 trolls
  2 queen bees
  A harpy skeleton (D:15)
  3 hornets
  A polar bear (Lair:4)
  16 jumping spiders
  A hippogriff (shapeshifter) (D:14)
  13 slime creatures
  11 hippogriffs
  14 dream sheep
  19 blink frogs
  A meliai zombie (D:13)
  A spriggan (Lair:3)
  12 tarantellas
  A water elemental (Shoals:1)
  4 wraiths
  39 redbacks
  4 fire elementals (Volcano)
  35 yaks
  3 hogs
  3 basilisks
  3 wyverns
  A yak (shapeshifter) (D:13)
  4 hungry ghosts
  3 steam dragons
  6 vampire mosquitoes
  6 wargs
  2 acid dragons
  2 soldier ants (D:15)
  11 water moccasins
  4 porcupines
  3 phantoms
  A sky beast (D:7)
  2 slaves (D:6)
  A black bear (Lair:2)
  23 orc warriors
  3 ice beasts
  50 killer bees
  7 ogres
  24 wolves
  7 centaurs
  11 crocodiles
  3 big kobolds
  16 bullfrogs
  2 gnoll sergeants
  6 scorpions
  A wyvern skeleton (D:6)
  3 wights (D:15)
  2 electric eels
  4 howler monkeys
  A troll skeleton (Lab)
  4 crimson imps
  2 hounds
  2 bullfrog skeletons
  18 orc priests
  4 jellies
  34 orc wizards
  8 centaur skeletons
  5 iguanas
  A hell rat (Lair:2)
  11 worker ants
  A killer bee zombie (D:5)
  3 ogre skeletons (Lab)
  A mummy (Ossuary)
  Robin (D:2)
  13 gnolls
  3 worker ant zombies
  9 adders
  2 shadow imps
  An ooze (D:7)
  An adder skeleton (D:9)
  2 adder zombies (D:7)
  2 worms (D:4)
  3 dart slugs
  5 leopard geckos
  61 orcs
  6 bats
  5 giant cockroaches
  13 goblins
  7 hobgoblins
  10 jackals
  12 kobolds
  4 quokkas
  A ball python (D:1)
  2 frilled lizards
  7 gnoll skeletons (Ossuary)
  4 kobold skeletons (Ossuary)
  A leopard gecko skeleton (D:6)
  14 orc skeletons (Ossuary)
  9 rats
  A fire vortex (Volcano)
  A plant (Lair:6)
860 creatures vanquished.

Vanquished Creatures (others)
  A cyclops (D:14)
  A slave (D:6)
  A killer bee (D:9)
  An orc priest (D:6)
  A bush (Lair:6)
  A fire vortex (Volcano)
  10 fungi
16 creatures vanquished.

Grand Total: 876 creatures vanquished

Notes
Turn   | Place    | Note
-------+----------+-------------------------------------------
     0 | D:1      | Jannitor the Halfling Hunter began the quest for the Orb.
     0 | D:1      | Reached XP level 1. HP: 14/14 MP: 1/1
   280 | D:1      | Reached XP level 2. HP: 13/19 MP: 2/2
   886 | D:1      | Reached skill level 1 in Short Blades
  1079 | D:1      | Reached XP level 3. HP: 22/24 MP: 3/3
  1444 | D:2      | Reached skill level 5 in Crossbows
  1445 | D:2      | Noticed Robin
  1692 | D:2      | Killed Robin
  1692 | D:2      | Reached XP level 4. HP: 19/29 MP: 4/4
  2358 | D:3      | Reached XP level 5. HP: 33/35 MP: 5/5
  3415 | D:4      | Found a staircase to the Ecumenical Temple.
  3436 | Temple   | Entered the Ecumenical Temple
  3659 | Temple   | Became a worshipper of Warmaster Okawaru
  3733 | D:4      | Reached skill level 6 in Crossbows
  3733 | D:4      | Reached XP level 6. HP: 20/42 MP: 6/6
  4049 | D:4      | Noticed an ogre
  4053 | D:4      | Killed an ogre
  4552 | D:4      | Reached XP level 7. HP: 41/46 MP: 7/7
  4678 | D:4      | Reached skill level 7 in Crossbows
  4733 | D:5      | Entered Level 5 of the Dungeon
  4888 | D:5      | Reached * piety under Okawaru
  5875 | D:6      | Reached XP level 8. HP: 23/54 MP: 8/8
  5877 | D:6      | Gained mutation: You have very sharp teeth. [potion of mutation]
  5888 | D:6      | Reached skill level 8 in Crossbows
  6045 | D:6      | Reached skill level 5 in Short Blades
  6086 | D:6      | Found a sand-covered staircase.
  6091 | Ossuary  | Entered an ossuary
  6091 | Ossuary  | Noticed a wraith
  6091 | Ossuary  | Noticed a wraith
  6091 | Ossuary  | Noticed a wraith
  6165 | Ossuary  | Noticed a wraith
  6342 | Ossuary  | Killed a wraith
  6480 | D:6      | Noticed Pikel
  6528 | D:6      | Killed Pikel
  6528 | D:6      | Reached ** piety under Okawaru
  6528 | D:6      | Reached skill level 5 in Fighting
  6528 | D:6      | Reached skill level 9 in Crossbows
  6528 | D:6      | Reached XP level 9. HP: 26/61 MP: 9/9
  6961 | D:7      | Reached skill level 10 in Crossbows
  7138 | D:7      | Found the +2 Maxwell's thermic engine {flame, freeze, rF- rC-}
  7196 | D:7      | Reached *** piety under Okawaru
  7345 | D:7      | Reached skill level 1 in Long Blades
  7636 | D:8      | Noticed Neverless's ghost (novice HaHu)
  7672 | D:8      | Noticed a two-headed ogre
  7691 | D:8      | Noticed Gastronok
  7713 | D:7      | Reached XP level 10. HP: 33/68 MP: 10/10
  8276 | D:9      | Reached skill level 11 in Crossbows
  8963 | D:9      | Found an ornate altar of the Wu Jian Council.
  8966 | D:9      | Found a snail-covered altar of Cheibriados.
  8969 | D:9      | Found an opulent altar of Gozag.
  9002 | D:9      | Found a glowing golden altar of the Shining One.
  9002 | D:9      | Found a glowing silver altar of Zin.
  9002 | D:9      | Found a shimmering altar of Xom.
  9002 | D:9      | Found a radiant altar of Vehumet.
  9009 | D:9      | Received a gift from Okawaru
  9032 | D:9      | Reached **** piety under Okawaru
  9130 | D:9      | Received a gift from Okawaru
  9133 | D:9      | Reached skill level 5 in Dodging
  9177 | D:9      | Reached skill level 5 in Long Blades
  9758 | D:9      | Reached XP level 11. HP: 49/76 MP: 8/11
  9983 | D:9      | Received a gift from Okawaru
 10426 | D:9      | Found Pisibo Ykai's Weapon Boutique.
 10560 | D:10     | Entered Level 10 of the Dungeon
 10584 | D:10     | Found Enousk's Assorted Antiques.
 10591 | D:10     | Noticed Erolcha
 10601 | D:10     | Killed Erolcha
 10605 | D:10     | Bought a translucent scimitar for 189 gold pieces
 10605 | D:10     | Bought a potion of curing for 63 gold pieces
 10605 | D:10     | Bought 2 potions of agility for 168 gold pieces
 10605 | D:10     | Identified the +8 scimitar "Utzimeps" {freeze, rF- rN+ Str+4} (You bought it in a shop on level 10 of the Dungeon)
 11080 | D:10     | Found a shadowy altar of Dithmenos.
 11393 | D:10     | Reached skill level 1 in Armour
 11445 | D:11     | Noticed a two-headed ogre
 11721 | D:11     | Received a gift from Okawaru
 11748 | D:11     | Reached ***** piety under Okawaru
 11761 | D:11     | Noticed a centaur warrior
 11778 | D:11     | Killed a centaur warrior
 12263 | D:11     | Killed an unseen horror
 12309 | D:11     | Found a staircase to the Lair.
 12327 | D:11     | Found a staircase to the Orcish Mines.
 12358 | D:11     | Received a gift from Okawaru
 12581 | D:11     | Reached XP level 12. HP: 78/85 MP: 12/12
 12682 | D:11     | Found a roughly hewn altar of Beogh.
 12762 | D:11     | Received a gift from Okawaru
 12995 | D:11     | Reached skill level 5 in Armour
 13125 | Lair:1   | Entered Level 1 of the Lair of Beasts
 13125 | Lair:1   | Noticed Erica
 13161 | Lair:1   | Killed Erica
 13374 | Lair:1   | Noticed Fannar
 13693 | Lair:1   | Killed Fannar
 13693 | Lair:1   | Reached skill level 1 in Invocations
 13846 | Lair:1   | Noticed a four-headed hydra
 13853 | Lair:1   | Killed a two-headed hydra
 13876 | Lair:1   | Received a gift from Okawaru
 14385 | Lair:2   | Reached skill level 10 in Fighting
 14805 | Lair:2   | Reached XP level 13. HP: 86/92 MP: 15/15
 15272 | Lair:2   | Found an ornate altar of the Wu Jian Council.
 15471 | Lair:2   | Received a gift from Okawaru
 15504 | Lair:3   | Noticed Sonja
 15515 | Lair:3   | Killed Sonja
 15534 | Lair:3   | Reached skill level 5 in Invocations
 15596 | Lair:3   | Reached skill level 12 in Crossbows
 15676 | Lair:3   | Found a staircase to the Shoals.
 15710 | Lair:3   | Noticed an eight-headed hydra
 15714 | Lair:3   | Killed an eight-headed hydra
 15783 | Lair:3   | Reached ****** piety under Okawaru
 15783 | Lair:3   | Received a gift from Okawaru
 16071 | Lair:3   | Reached skill level 10 in Long Blades
 16294 | Lair:3   | Received a gift from Okawaru
 16525 | Lair:3   | Noticed Rupert
 16528 | Lair:3   | Paralysed by Rupert for 3 turns
 16579 | Lair:4   | Received a gift from Okawaru
 16662 | Lair:4   | Found a labyrinth entrance.
 16672 | Lab      | Entered a labyrinth
 17367 | Lab      | Noticed a minotaur
 17374 | Lab      | Killed a minotaur
 17433 | Lair:4   | Noticed Nergalle
 17446 | Lair:4   | Killed Nergalle
 17447 | Lair:4   | Reached XP level 14. HP: 101/101 MP: 13/18
 17692 | Lair:4   | Found a hole to the Spider Nest.
 17773 | Lair:4   | Got a pair of polished boots
 17779 | Lair:4   | Identified the +0 pair of boots "Ylouniv" {rF+ MP+9} (You found it on level 4 of the Lair of Beasts)
 18877 | Lair:5   | Found a staircase to the Slime Pits.
 19329 | Lair:6   | Entered Level 6 of the Lair of Beasts
 19345 | Lair:5   | Received a gift from Okawaru
 19568 | Lair:5   | Reached skill level 13 in Crossbows
 19640 | Lair:6   | Received a gift from Okawaru
 19795 | Lair:6   | Received a gift from Okawaru
 19816 | Lair:6   | Reached skill level 10 in Armour
 19933 | Lair:6   | Received a gift from Okawaru
 19941 | Lair:6   | Received a gift from Okawaru
 19948 | Lair:6   | Reached XP level 15. HP: 107/108 MP: 21/21
 19964 | Lair:6   | Got a pair of heavily runed boots {god gift}
 19965 | Lair:6   | Identified the +2 pair of boots "Qeqiezocvo" {Str+3} (Okawaru gifted it to you on level 6 of the Lair of Beasts)
 20741 | Orc:1    | Entered Level 1 of the Orcish Mines
 20987 | Orc:2    | Entered Level 2 of the Orcish Mines
 21012 | Orc:2    | Found a staircase to the Elven Halls.
 21420 | Orc:2    | Noticed an orc warlord
 21532 | Orc:2    | Found a dark tunnel.
 21573 | Volcano  | Entered a volcano
 22049 | Orc:2    | Reached skill level 14 in Crossbows
 22101 | Orc:2    | Killed an orc warlord
 22122 | Orc:2    | Received a gift from Okawaru
 22318 | Orc:2    | Found a roughly hewn altar of Beogh.
 22327 | Orc:2    | Found Ycvo's Antique Weapon Shop.
 22338 | Orc:2    | Found Qusu Zim's General Store.
 22387 | Orc:2    | Found Lifryni's Antique Armour Shop.
 22439 | Orc:2    | Bought a scroll of blinking for 90 gold pieces
 22439 | Orc:2    | Bought a scroll of enchant weapon for 90 gold pieces
 22439 | Orc:2    | Bought a potion of haste for 120 gold pieces
 22439 | Orc:2    | Bought a scroll of enchant armour for 90 gold pieces
 22439 | Orc:2    | Bought a scroll of enchant armour for 90 gold pieces
 22559 | Orc:2    | Found Totat's Jewellery Shop.
 23793 | D:13     | Found a bloodstained altar of Trog.
 23794 | D:13     | Found the cursed necklace of Bloodlust {*Rage +Rage MR++ Int-3 Slay+6 *Curse}
 23794 | D:13     | Found the +9 sword of Zonguldrok {reap}
 24011 | D:13     | Found a gate to the Vaults.
 24438 | D:13     | Found a transporter.
 24453 | D:13     | Received a gift from Okawaru
 25019 | D:14     | You fall through a shaft!
 25019 | D:15     | Entered Level 15 of the Dungeon
 25209 | D:15     | Reached XP level 16. HP: 116/116 MP: 22/22
 25597 | D:14     | Noticed Urug
 25612 | D:14     | Killed Urug
 25614 | D:14     | Received a gift from Okawaru
 25622 | D:14     | Got an encrusted triple crossbow {god gift}
 25623 | D:14     | Identified the +6 triple crossbow of the Assorted Curses {penet, rPois rN++ Int-2} (Okawaru gifted it to you on level 14 of the Dungeon)
 25835 | D:14     | Noticed Kirke
 25837 | D:14     | Noticed a sphinx
 26015 | D:14     | Killed Kirke
 26691 | D:14     | Identified the +4 scale mail "Codayfen" {+Blink} (You found it on level 14 of the Dungeon)
 26979 | D:15     | Found a snail-covered altar of Cheibriados.
 27589 | D:15     | Reached skill level 15 in Crossbows
 27594 | D:15     | Received a gift from Okawaru
 27701 | D:15     | Found a staircase to the Depths.
 28395 | Shoals:1 | Entered Level 1 of the Shoals
 28677 | Shoals:1 | Noticed Aizul
 29415 | Orc:2    | Bought an uncursed ring of poison resistance for 280 gold pieces
 29584 | Spider:1 | Entered Level 1 of the Spider Nest
 29685 | Spider:1 | Learned a level 3 spell: Regeneration
 29917 | Spider:1 | Noticed Agnes
 29932 | Spider:1 | Killed Agnes
 30026 | Spider:1 | Reached XP level 17. HP: 123/123 MP: 23/23
 31155 | Spider:2 | Identified a scroll of acquirement
 31172 | Spider:2 | Identified the +1 chain mail of Objectivity {rElec MR+} (You found it on level 2 of the Spider Nest)
 32368 | Spider:4 | Entered Level 4 of the Spider Nest
 32374 | Spider:4 | Received a gift from Okawaru
 32505 | Spider:4 | HP: 4/124 [wolf spider (14)]
 32506 | Spider:4 | HP: 1/124 [poisoned by a wolf spider]
 32506 | Spider:4 | Mangled by a wolf spider

Skill      XL: |  1  2  3  4  5  6  7  8  9 10 11 12 13 14 15 16 17 |
---------------+----------------------------------------------------+-----
Fighting       | 2 3 4 5 6 7 9 10 11 12 13 | 13.7
Short Blades   | 1 2 3 4 6 7 |  7.0
Crossbows      | 5 6 7 9 10 11 12 13 14 15 | 15.6
Long Blades    | 2 5 7 9 10 11 12 13 | 13.6
Dodging        | 5 6 7 9 |  9.9
Armour         | 4 6 8 10 11 12 | 12.0
Invocations    | 3 6 8 |  8.1
Stealth        | |  1.1

Action                   |  1- 3 |  4- 6 |  7- 9 | 10-12 | 13-15 | 16-18 || total
-------------------------+-------+-------+-------+-------+-------+-------++-------
Melee: Short sword       |   109 |       |       |       |       |       ||   109
       Dagger            |       |   179 |   206 |    49 |       |       ||   434
       Bite              |       |       |    28 |    27 |    31 |     8 ||    94
       Double sword      |       |       |    23 |   141 |   233 |    75 ||   472
 Fire: Hand crossbow     |     9 |    25 |   150 |   338 |    12 |       ||   534
       Arbalest          |       |       |       |    43 |   642 |   494 ||  1179
       Triple crossbow   |       |       |       |       |       |     1 ||     1
Invok: Heroism           |       |       |     1 |    16 |    13 |     5 ||    35
       Finesse           |       |       |       |       |     7 |     6 ||    13
Evoke: Wand              |       |       |       |     2 |       |       ||     2
  Use: Scroll            |       |     7 |    13 |     4 |    11 |    23 ||    58
       Potion            |       |     1 |     9 |    10 |     6 |     8 ||    34
 Stab: Sleeping          |     3 |     2 |       |     2 |       |       ||     7
       Invisible         |       |       |     4 |       |       |       ||     4
  Eat: Chunk             |     2 |    10 |     5 |    14 |     8 |     8 ||    47
       Ration            |       |       |     1 |     3 |     7 |     5 ||    16
Armor: Leather armour    |    32 |    39 |    46 |    23 |       |       ||   140
       Skin              |       |     4 |       |       |       |       ||     4
       Chain mail        |       |       |       |    15 |   151 |   171 ||   337
       Troll leather arm |       |       |       |    29 |    19 |       ||    48
Dodge: Dodged            |    89 |   127 |   163 |   307 |   309 |   232 ||  1227
Block: Other             |       |       |       |       |    92 |    69 ||   161
       Reflection        |       |       |       |       |     4 |     4 ||     8
       Rpst.: Double sword |       |       |     8 |    37 |    62 |    14 ||   121
